 Dungeon Crawl Stone Soup version 0.17.1-2-g5865329 (webtiles) character file.

49 Mysteryquy the Skirmisher (level 4, -3/37 HPs)
             Began as a Formicid Abyssal Knight on Jan 17, 2016.
             Was a Believer of Lugonu.
             Killed by a spatial distortion (4 damage)
             ... on level 2 of the Dungeon.
             The game lasted 00:03:12 (1201 turns).

Mysteryquy the Skirmisher (Formicid Abyssal Knight) Turns: 1201, Time: 00:03:12

Health: -3/37      AC:  3    Str: 18    XL:     4   Next: 2%
Magic:  5/5        EV: 10    Int: 11    God:    Lugonu [**....]
Gold:   63         SH:  3    Dex: 10    Spells: 0 memorised, 3 levels left

rFire  . . .     SeeInvis +     a - +1 hand axe
rCold  . . .     Clarity  .     b - +0 leather armour
rNeg   . . .     SustAt   .     i - +0 buckler
rPois  .         Gourm    .     (helmet unavailable)
rElec  .         Spirit   .     (no cloak)
rCorr  .         Warding  .     (no gloves)
rMut   .         Stasis   +     (no boots)
MR     .....                    (no amulet)
Stlth  +.........               (no ring)
                                (no ring)

@: not resistant to hostile enchantments, very unstealthy
A: permanent stasis, dig shafts and tunnels, four strong arms, antennae 3
a: Dig, Shaft Self, Depart the Abyss, Bend Space, Renounce Religion


You were on level 2 of the Dungeon.
You worshipped Lugonu.
Lugonu was pleased with you.
You were not hungry.

You visited 1 branch of the dungeon, and saw 2 of its levels.
You visited the Abyss 1 time.

You collected 63 gold pieces.

Inventory:

Hand Weapons
 a - a +1 hand axe (weapon)
Armour
 b - a +0 leather armour (worn)
 i - a +0 buckler (worn)
Wands
 m - a wand of flame (30)
Scrolls
 e - 6 scrolls of identify {unknown}
 f - 2 scrolls of random uselessness {unknown}
 h - a scroll of noise {unknown}
 k - a scroll of magic mapping {unknown}
 l - a scroll of enchant armour {unknown}
Potions
 g - a potion of resistance {unknown}
 j - a potion of degeneration {unknown}
Comestibles
 c - 2 bread rations
 d - a beef jerky


   Skills:
 + Level 4.0 Fighting
 + Level 2.5 Axes
 + Level 2.8 Armour
 - Level 1.1 Dodging
 * Level 0.5 Shields
 + Level 2.2 Invocations


You had 3 spell levels left.
You didn't know any spells.

Dungeon Overview and Level Annotations

Branches:
Dungeon (2/15)

Altars:

Annotations:
D:2 Ijyb


Innate Abilities, Weirdness & Mutations

You are under a permanent stasis effect.
You can dig through walls and to a lower floor.
Your four strong arms can wield two-handed weapons with a shield.
You have a pair of large antennae on your head (SInv).


Message History

Ijyb closely misses you.
You closely miss Ijyb.
Ijyb is moderately wounded.
Ijyb barely misses you.
You completely miss Ijyb.
Ijyb is moderately wounded.
Ijyb hits you but does no damage. Ijyb hits you with a dagger.
* * * LOW HITPOINT WARNING * * *
You hit Ijyb but do no damage.
Ijyb is moderately wounded.
Ijyb misses you.
You hit Ijyb but do no damage.
Ijyb is moderately wounded.
Ijyb hits you with a dagger.
* * * LOW HITPOINT WARNING * * *
You closely miss Ijyb.
Ijyb is moderately wounded.
Ijyb closely misses you. Space bends around you!
You blink.
You die...

.##.#####.#
..........#.#
.##.#####.#.# ###.# #.#
#.# #.## #.# #..# #####
#.# #g. ...#
###.#.#####.# ####.#####
....#.......###.@......#
##..#.#####..g§.##.###.#
##..# #.######.# #.#
###.# #.######.# #.# #
#.# #........# #.# # #.#
#..#########.## # #.#
#.## ##..<## # .. #.#
##.....## #.#
##.......##


You could see Ijyb.

Vanquished Creatures
  An adder (D:2)
  A worm (D:2)
  A giant gecko (D:2)
  3 ball pythons
  4 bats
  3 goblins (D:1)
  4 hobgoblins
  7 kobolds
  4 giant cockroaches (D:1)
  2 giant newts (D:1)
  6 rats
36 creatures vanquished.

Notes
Turn   | Place    | Note
--------------------------------------------------------------
     0 | Abyss:1  | Mysteryquy the Formicid Abyssal Knight began the quest for the Orb.
     0 | Abyss:1  | Reached XP level 1. HP: 18/18 MP: 2/2
     6 | D:1      | Escaped the Abyss
   109 | D:1      | Reached XP level 2. HP: 13/24 MP: 3/3
   110 | D:1      | Reached skill level 1 in Dodging
   331 | D:1      | Reached ** piety under Lugonu
   460 | D:1      | Reached XP level 3. HP: 20/30 MP: 4/4
  1103 | D:2      | Reached skill level 4 in Fighting
  1160 | D:2      | Reached XP level 4. HP: 22/37 MP: 5/5
  1169 | D:2      | Noticed Ijyb
  1199 | D:2      | HP: 1/37 [Ijyb/dagger (4)]
  1201 | D:2      | Killed by a spatial distortion

Action                   |  1- 3 |  4- 6 || total
-------------------------+-------+-------++-------
Melee: Hand axe          |   129 |    23 ||   152
  Eat: Chunk             |     1 |       ||     1
